 Dungeon Crawl Stone Soup version 0.22-a0-409-gb855193 (webtiles) character file.

38 Opti87 the Grave Robber (level 3, -5/26 HPs)
             Began as a Mummy Necromancer on May 10, 2018.
             Slain by a worm (9 damage)
             ... on level 1 of the Dungeon.
             The game lasted 00:20:32 (1714 turns).

Opti87 the Grave Robber (Mummy Necromancer)         Turns: 1714, Time: 00:20:33

Health: -5/26      AC:  3    Str: 12    XL:     3   Next: 25%
Magic:  2/7        EV: 11    Int: 14    God:
Gold:   24         SH:  0    Dex: 12    Spells: 3/8 levels left

rFire    x . .     SeeInvis .   c - +0 club
rCold    + . .     Gourm    .   (no shield)
rNeg     + + +     Faith    .   d - +0 leather armour
rPois    ∞         Spirit   .   (no helmet)
rElec    .         Reflect  .   (no cloak)
rCorr    .         Harm     .   (no gloves)
MR       .....                  (no boots)
Stlth    +.........             (no amulet)
HPRegen  0.08/turn              (no ring)
MPRegen  0.10/turn              (no ring)

@: very slightly contaminated
A: no food or potions, fire vulnerability, cold resistance 1, negative energy
resistance 3, torment resistance, unbreathing
a: no special abilities


You were on level 1 of the Dungeon.
You were not hungry.

You visited 1 branch of the dungeon, and saw 3 of its levels.

You collected 24 gold pieces.

Inventory:

Hand Weapons
 c - a +0 club (weapon)
Armour
 a - a +0 robe
 d - a +0 leather armour (worn)
Jewellery
 e - an uncursed ring of magical power {unknown}
Scrolls
 f - a scroll of identify {unknown}
Potions
 b - a potion of might {unknown}


   Skills:
 + Level 1.5 Fighting
 - Level 1.5 Dodging
 - Level 1.5 Stealth
 + Level 3.4 Spellcasting
 + Level 4.4 Necromancy


You had 3 spell levels left.
You knew the following spells:

 Your Spells              Type           Power        Failure   Level  Hunger
a - Pain                  Necr           ##..         4%          1    N/A
b - Animate Skeleton      Necr           N/A          4%          1    N/A
c - Vampiric Draining     Necr           ##........   13%         3    N/A

Dungeon Overview and Level Annotations

Branches:
Dungeon (3/15)

Altars:
Kikubaaqudgha
Wu Jian


Innate Abilities, Weirdness & Mutations

You do not eat or drink.
Your flesh is vulnerable to fire.
You are immune to poison.
Your flesh is cold resistant. (rC+)
You are immune to negative energy. (rN+++)
You are immune to unholy pain and torment.
You can survive without breathing.


Message History

You barely miss the worm. The worm bites you!
You hit the worm.
The worm is lightly wounded.
The worm completely misses you.
You barely miss the worm.
The worm is lightly wounded.
The worm bites you.
You hit the worm.
The worm is moderately wounded.
You hit the worm but do no damage.
The worm is moderately wounded.
The worm bites you.
You hit the worm.
The worm is moderately wounded.
The worm bites you!
* * * LOW HITPOINT WARNING * * *
You hit the worm but do no damage.
The worm is moderately wounded.
The worm bites you!
You die...

####################
................@w.#
##################.#
#### #.# ...# #.#
##.# #.# ##.#
########.# ##.#
#........# ##.#
#.######## ##.# #.#


You could see a worm.

Vanquished Creatures
  A gnoll (D:2)
  An ooze (D:1)
  2 leopard geckos (D:1)
  4 hobgoblins (D:1)
  3 jackals (D:1)
  2 frilled lizards (D:1)
  3 goblins
  4 kobolds (D:1)
  2 rats (D:1)
22 creatures vanquished.

Vanquished Creatures (collateral kills)
  A goblin (D:1)
1 creature vanquished.

Grand Total: 23 creatures vanquished

Notes
Turn   | Place    | Note
-------+----------+-------------------------------------------
     0 | D:1      | Opti87 the Mummy Necromancer began the quest for the Orb.
     0 | D:1      | Reached XP level 1. HP: 13/13 MP: 4/4
   292 | D:1      | Reached XP level 2. HP: 20/20 MP: 3/6
   341 | D:1      | Learned a level 1 spell: Animate Skeleton
   451 | D:1      | Reached skill level 1 in Fighting
  1334 | D:2      | Found an ornate altar of the Wu Jian Council.
  1334 | D:2      | Found an ancient bone altar of Kikubaaqudgha.
  1385 | D:2      | Reached XP level 3. HP: 17/26 MP: 2/7
  1668 | D:1      | Learned a level 3 spell: Vampiric Draining
  1714 | D:1      | Slain by a worm

Vault maps used:
D:1:      lemuel_arrival_room
D:2:      lemuel_crystal_altar, tso_oasis_becter,
          nicolae_overflow_crystal_walls, grunt_temple_overflow_open,
          kennysheep_slug_shrine
D:3:      first_ration, uniq_grinder

Skill      XL: |  1  2 |
---------------+-------+-----
Spellcasting   | 3 |  3.4
Fighting       | 1 |  1.5
Dodging        | |  1.5
Stealth        | |  1.5
Necromancy     | |  4.4

Action                   || total
-------------------------++-------
Melee: Club              ||    17
 Cast: Pain              ||    61
       Animate Skeleton  ||     4
       Vampiric Draining ||     2
  Use: Scroll            ||     1
Armor: Robe              ||     2
       Leather armour    ||     6
Dodge: Dodged            ||    27

Table legend:
 A = Spawn XP
 B = Non-spawn XP
 C = Spawn XP percentage of total XP
 D = Spawn monster count
 E = Non-spawn monster count
 F = Spawn count percentage of total count
 G = Total turns spent on level
                    A         B        C        D         E        F      G
               +---------+---------+-------+---------+---------+-------+---------
         Total |       0 |      55 |   0.0 |       0 |      23 |   0.0 |  1714
               +---------+---------+-------+---------+---------+-------+---------
           D:1 |       0 |      39 |   0.0 |       0 |      21 |   0.0 |  1559
           D:2 |       0 |      16 |   0.0 |       0 |       2 |   0.0 |   153
               +---------+---------+-------+---------+---------+-------+---------
